 Dungeon Crawl Stone Soup version 0.13.0-29-gdb529de (webtiles) character file.

181 Lilouch the Firebug (level 4, -2/24 HPs)
             Began as a Deep Elf Fire Elementalist on Nov 11, 2013.
             Slain by Grinder (8 damage)
             ... while paralysed by Grinder
             ... on Level 3 of the Dungeon.
             The game lasted 00:08:23 (1698 turns).

Lilouch the Firebug (Deep Elf Fire Elementalist)    Turns: 1698, Time: 00:08:23

HP  -2/24        AC  2     Str  5      XL: 4   Next: 27%
MP  12/13        EV  2     Int 21      God:
Gold 95          SH  0     Dex 15      Spells:  3 memorised,  3 levels left

Res.Fire  : . . .   See Invis. : .   (no weapon)
Res.Cold  : . . .   Warding    : .   a - +0 elf robe
Life Prot.: . . .   Conserve   : .   (no shield)
Res.Poison: .       Res.Corr.  : .   (no helmet)
Res.Elec. : .       Clarity    : .   (no cloak)
Sust.Abil.: . .     Spirit.Shd : .   (no gloves)
Res.Mut.  : .       Stasis     : .   (no boots)
Res.Rott. : .       Flight     : .   (no amulet)
Saprovore : . . .                    (no ring)
                                     d - ring of flight

@: paralysed, slightly resistant to hostile enchantments, fairly stealthy
A: no striking features
a: Evoke Flight


You were on level 3 of the Dungeon.
You were not hungry.

You visited 1 branch of the dungeon, and saw 3 of its levels.

You collected 75 gold pieces.

Inventory:

Hand weapons
 g - a +0,+2 dagger (quivered)
 i - a +0,+0 dagger
 k - a +0,+3 orcish dagger
Armour
 a - a +0 elven robe (worn)
Comestibles
 c - 3 bread rations
 f - an apple
 n - a chunk of jackal flesh
 p - 2 chunks of jackal flesh
Scrolls
 e - 3 scrolls of identify {unknown}
 j - 2 scrolls of curse weapon {unknown}
 l - a scroll of remove curse {unknown}
 o - 3 scrolls of fog {unknown}
Jewellery
 d - a ring of flight (left hand)
Potions
 h - a potion of agility {unknown}
 m - a potion of heal wounds {unknown}
Books
 b - a book of Flames

   Spells                             Type                      Level
   *Flame Tongue                      Conjuration/Fire             1
   *Throw Flame                       Conjuration/Fire             2
   *Conjure Flame                     Conjuration/Fire             3
   Inner Flame                        Hexes/Fire                   3
   Sticky Flame                       Conjuration/Fire             4
   Fireball                           Conjuration/Fire             5


   Skills:
 - Level 2.4 Dodging
 + Level 2.4 Stealth
 + Level 3.0 Spellcasting
 * Level 3.2 Conjurations
 + Level 4.1 Fire Magic


You had 3 spell levels left.
You knew the following spells:

 Your Spells              Type           Power        Failure   Level  Hunger
a - Flame Tongue          Conj/Fire      ###..        3%          1    None
b - Throw Flame           Conj/Fire      ###...       6%          2    ##.....
c - Conjure Flame         Conj/Fire      ###.....     12%         3    ###....


Dungeon Overview and Level Annotations

Branches:
Dungeon (3/27)

Altars:

Annotations:
D:3 Grinder


Message History

Casting: Throw Flame
Confirm with . or Enter, or press ? or * to list all spells.
Aiming: Flame Tongue
Press: ? - help, Shift-Dir - straight line, f - Grinder
Aim: Grinder The flame hits Grinder.
Grinder is lightly wounded.
There is an open door here.
Grinder gestures at you.
You suddenly lose the ability to move!
Grinder gestures at you. Pain shoots through your body!
Grinder gestures at you. Pain shoots through your body!
Grinder gestures at you. You resist. Grinder hits you!
* * * LOW HITPOINT WARNING * * *
Grinder hits you!
You die...

#%# ###.###
#.....#
######.#.#.###
.............#
######.....#.#
#.....#.#
###.### . #@#
#5# ##g##
##...##
##.....##
#.......#
#.......$..#
+.............
#.......%.#.....


You could see Grinder and a hobgoblin.

Vanquished Creatures
  3 adders (D:2)
  A worm (D:2)
  3 oozes
  8 hobgoblins
  4 jackals (D:3)
  5 kobolds
  2 ball pythons
  7 bats
  3 giant newts
  6 goblins
  5 rats
47 creatures vanquished.

Notes
Turn   | Place    | Note
--------------------------------------------------------------
     0 | D:1      | Lilouch, the Deep Elf Fire Elementalist, began the quest for the Orb.
     0 | D:1      | Reached XP level 1. HP: 10/10 MP: 4/4
    12 | D:1      | You fall through a shaft!
   237 | D:1      | Reached XP level 2. HP: 13/15 MP: 1/7
   733 | D:2      | Reached XP level 3. HP: 19/19 MP: 3/9
  1122 | D:2      | Learned a level 2 spell: Throw Flame
  1126 | D:2      | Learned a level 3 spell: Conjure Flame
  1156 | D:2      | Reached skill level 4 in Fire Magic
  1156 | D:2      | Reached XP level 4. HP: 11/24 MP: 4/12
  1681 | D:3      | Noticed Grinder
  1683 | D:3      | Paralysed by Grinder for 4 turns
  1692 | D:3      | Paralysed by Grinder for 7 turns
  1698 | D:3      | Slain by Grinder

Action                   |  1- 3 |  4- 6 || total
-------------------------+-------+-------++-------
Melee: Unarmed           |    20 |       ||    20
Throw: Dagger            |     1 |       ||     1
 Cast: Flame Tongue      |    65 |    23 ||    88
       Throw Flame       |       |     5 ||     5
       Conjure Flame     |       |     1 ||     1
 Abil: Evoke Flight      |     1 |       ||     1
